 Dungeon Crawl Stone Soup version 0.30.0-30-g96aa6591b8 (webtiles) character file.

Game seed: 1450746167982651660

11599 00zero00 the Severer (level 11, -2/102 HPs)
             Began as a Hill Orc Fighter on June 26, 2023.
             Was an Initiate of Gozag.
             Constricted to death by a naga simulacrum (3 damage)
             ... in an ice cave.
             The game lasted 00:22:04 (12231 turns).

00zero00 the Severer (Hill Orc Fighter)            Turns: 12231, Time: 00:22:06

Health: -2/102     AC: 19    Str: 30    XL:     11   Next: 80%
Magic:  11/11      EV:  3    Int:  8    God:    Gozag
Gold:   939        SH:  5    Dex: 12    Spells: 10/10 levels left

rFire   + . .        a - +0 war axe
rCold   + . .        c - +0 buckler
rNeg    . . .        f - +1 gold dragon scales
rPois   +            (no helmet)
rElec   .            i - +1 cloak
rCorr   .            d - +0 pair of gloves of Leapfrog {Dex+2}
SInv    .            (no boots)
Will    .....        (no amulet) Stlth
                     q - +4 ring of slaying
HPRegen 0.37/turn    A - +6 ring of strength
MPRegen 0.12/turn

%: no passive effects
@: gold aura, constricted
A: no striking features
a: Renounce Religion, Potion Petition, Call Merchant, Bribe Branch


You were in an ice cave.
You worshipped Gozag.
Gozag was pleased with you.
You visited 2 branches of the dungeon, and saw 12 of its levels.
You also visited: Ice Cave.

You collected 2487 gold pieces.
You spent 1044 gold pieces at shops.
You paid 504 gold pieces to Gozag.

Inventory:

Hand Weapons
 a - a +0 war axe (weapon)
 s - the +7 sling of the Magi {freeze, rElec rPois rCorr Int+2}
   (You found it on level 4 of the Dungeon)

   Int:       It affects your intelligence (+2).
   rElec:     It insulates you from electricity.
   rPois:     It protects you from poison.
   rCorr:     It protects you from acid and corrosion.
Missiles
 b - 3 throwing nets
 t - 53 stones (quivered)
 E - a curare-tipped dart
Armour
 c - a +0 buckler (worn)
 d - the +0 pair of gloves of Leapfrog (worn) {Dex+2}
   (You found it on level 8 of the Dungeon)

   Dex:       It affects your dexterity (+2).
 f - +1 gold dragon scales (worn)
 i - a +1 cloak (worn)
Jewellery
 q - a +4 ring of slaying (left hand)
 A - a +6 ring of strength (right hand)
Wands
 r - a wand of mindburst (8)
 v - a wand of iceblast (8)
 w - a wand of paralysis (4)
 B - a wand of flame (29)
 C - a wand of light (6)
Scrolls
 e - 4 scrolls of fog
 g - 5 scrolls of teleportation
 m - a scroll of enchant weapon
 o - 4 scrolls of fear
 z - a scroll of blinking
 F - a scroll of amnesia
 G - a scroll of silence {unknown}
Potions
 h - a potion of mutation
 j - a potion of berserk rage
 l - a potion of attraction
 n - 4 potions of lignification
 p - 9 potions of degeneration
 u - 4 potions of curing
 x - a potion of resistance {unknown}
 D - a potion of brilliance {unknown}
 H - a potion of haste {unknown}
Miscellaneous
 k - a phial of floods


   Skills:
 + Level 11.5 Fighting
 * Level 18.6 Axes
 + Level 2.3 Throwing
 * Level 5.6 Armour
 + Level 2.0 Dodging
 + Level 4.6 Shields


You had 10 spell levels left.
You didn't know any spells.
Your spell library contained the following spells:

 Spells                   Type           Power      Damage    Failure   Level
 Apportation              Tloc           0%         N/A       100%        1
 Magic Dart               Conj           0%         1d3       100%        1
 Necrotise                Necr           0%         1d4       100%        1
 Sandblast                Erth           0%         2d4       100%        1
 Summon Small Mammal      Summ           0%         N/A       100%        1
 Call Imp                 Summ           0%         N/A       100%        2
 Passwall                 Tmut/Erth      0%         N/A       100%        2
 Poisonous Vapours        Pois/Air       0%         N/A       100%        2
 Searing Ray              Conj           0%         2d4       100%        2
 Sublimation of Blood     Necr           0%         N/A       100%        2
 Wereblood                Tmut           0%         N/A       100%        2
 Mephitic Cloud           Conj/Pois/Air  0%         N/A       100%        3
 Stone Arrow              Conj/Erth      0%         3d7       100%        3
 Animate Armour           Summ/Erth      0%         N/A       100%        4
 Fulminant Prism          Conj/Hex       0%         3d5       100%        4
 Petrify                  Tmut/Erth      0%         N/A       100%        4
 Freezing Cloud           Conj/Ice/Air   0%         6-21      100%        5
 Irradiate                Conj/Tmut      0%         3d11      100%        5
 Summon Hydra             Summ           0%         N/A       100%        7
 Lehudib's Crystal Spear  Conj/Erth      0%         10d2      100%        8


Dungeon Overview and Level Annotations

Branches:
Dungeon (11/15)            Temple (1/1) D:5            Lair (0/5) D:8
  IceCv (1/1)
    Orc: D:9-12

Altars:
Ashenzari
Cheibriados
Dithmenos
Elyvilon
Fedhas
Gozag
Hepliaklqana
Kikubaaqudgha
Makhleb
Nemelex Xobeh
Okawaru
Qazlal
Ru
Sif Muna
Trog
Uskayaw
Vehumet
Wu Jian
Xom
Yredelemnul
Zin
The Shining One

Shops:
D:7 [   D:8 *


Message History

The ice devil is severely wounded.
The ice devil barely misses you.
You slash the ice devil!
You kill the ice devil!
You hit the two-headed ogre simulacrum.
The two-headed ogre simulacrum hits you but does no damage. x2
Your Dodging skill increases to level 2!
You slice the two-headed ogre simulacrum!!
The two-headed ogre simulacrum is severely damaged.
You hit the two-headed ogre simulacrum but do no damage.
The two-headed ogre simulacrum hits you but does no damage. x2
You slash the two-headed ogre simulacrum!
The two-headed ogre simulacrum is moderately damaged.
You slash the two-headed ogre simulacrum!
You slice the two-headed ogre simulacrum!!
The two-headed ogre simulacrum vaporises!
You slash the two-headed ogre simulacrum!
The two-headed ogre simulacrum vaporises!
You slash the naga simulacrum!
The naga simulacrum is severely damaged.
You barely miss the naga simulacrum.
The naga simulacrum is severely damaged.
You slash the naga simulacrum!
The naga simulacrum vaporises!
Really walk into that cloud of freezing vapour?
Okay, then.
You block the naga simulacrum's attack. The naga simulacrum grabs you.
The naga simulacrum constricts you.
You see here 14 gold pieces.
You slash the naga simulacrum!
The naga simulacrum is heavily damaged.
You hit the naga simulacrum.
The naga simulacrum is severely damaged.
The naga simulacrum hits you!
* * * LOW HITPOINT WARNING * * *
The naga simulacrum freezes you! You resist.
* * * LOW HITPOINT WARNING * * *
The naga simulacrum constricts you.
You die...
Your body crumbles into a pile of gold.

.# .## .. ..# ##≈ ....
#### #≈Z .....
##..###### ≈≈###.....
##....##..## ..#......
#........@.###Z....Z..
#.∩.∩....°Z.#Z........
#.......##..$.##......
##....#####.$## .5.4.
##..## #### ..Z. ####
.#. #


You could see a naga simulacrum.

Vanquished Creatures
  A two-headed ogre (D:9)
  2 ugly things
  A manticore (D:8)
  A gargoyle (D:8)
  An ice devil (IceCv)
  2 trolls
  A slime creature (D:8)
  A shadow (D:7)
  22 yaks
  5 wyverns
  A wraith (D:7)
  A death yak simulacrum (IceCv)
  A steam dragon (D:5)
  A harpy simulacrum (IceCv)
  An acid dragon (D:9)
  5 water moccasins
  3 orc warriors
  2 sky beasts (D:7)
  An ice beast (D:5)
  An ogre (D:6)
  3 centaurs
  A phantom (D:6)
  A kobold brigand (D:8)
  A gnoll sergeant (D:8)
  2 bullfrogs
  A wyvern zombie (D:7)
  3 two-headed ogre simulacra (IceCv)
  A scorpion (D:7)
  8 wights
  9 killer bees
  5 howler monkeys
  A crimson imp (D:6)
  7 jellies
  A bullfrog zombie (D:7)
  2 hounds
  An orc priest (D:8)
  A gnoll bouda (D:8)
  3 sleepcaps
  8 orc wizards
  2 iguanas
  16 gnolls
  6 adders
  A naga simulacrum (IceCv)
  14 white imps
  A worm (D:3)
  5 dart slugs
  28 orcs
  12 bats
  10 endoplasms
  5 giant cockroaches
  7 goblins
  2 hobgoblins
  9 jackals
  3 quokkas
  2 ball pythons
  2 frilled lizards
  2 goblin skeletons (D:6)
  2 hobgoblin zombies (D:6)
  9 kobolds
  An orc zombie (D:6)
  8 rats
260 creatures vanquished.

Notes
Turn   | Place    | Note
-------+----------+-------------------------------------------
     0 | D:1      | 00zero00 the Hill Orc Fighter began the quest for the Orb.
     0 | D:1      | Reached XP level 1. HP: 19/19 MP: 1/1
    31 | D:1      | Reached skill level 3 in Axes
   103 | D:1      | Reached XP level 2. HP: 26/26 MP: 2/2
   183 | D:1      | Reached skill level 4 in Axes
   459 | D:1      | Reached XP level 3. HP: 31/31 MP: 3/3
   693 | D:1      | Reached skill level 5 in Axes
  1399 | D:2      | Reached skill level 6 in Axes
  1399 | D:2      | Reached XP level 4. HP: 24/39 MP: 4/4
  2118 | D:3      | Reached XP level 5. HP: 45/45 MP: 5/5
  2343 | D:3      | Found a sacrificial altar of Ru.
  2523 | D:3      | Reached skill level 7 in Axes
  3121 | D:4      | Found a burning altar of Makhleb.
  3126 | D:4      | Found a glowing silver altar of Zin.
  3126 | D:4      | Noticed an angel
  3127 | D:4      | Noticed a cacodemon
  3187 | D:4      | Reached skill level 8 in Axes
  3187 | D:4      | Reached XP level 6. HP: 51/51 MP: 6/6
  4027 | D:4      | Found an ancient bone altar of Kikubaaqudgha.
  4049 | D:4      | Identified the +7 sling of the Magi {freeze, rElec rPois
                  | rCorr Int+2}
  4839 | D:5      | Entered Level 5 of the Dungeon
  4894 | D:5      | Found a staircase to the Ecumenical Temple.
  4904 | D:5      | Noticed a steam dragon
  4908 | Temple   | Entered the Ecumenical Temple
  5137 | D:5      | Killed a steam dragon
  5138 | D:5      | Reached skill level 9 in Axes
  5242 | D:5      | Reached XP level 7. HP: 52/57 MP: 7/7
  5400 | D:5      | Reached skill level 10 in Axes
  5495 | D:5      | Found a stormy altar of Qazlal.
  6455 | D:6      | Reached skill level 11 in Axes
  6643 | D:6      | Reached skill level 5 in Fighting
  6653 | D:6      | Reached XP level 8. HP: 68/68 MP: 8/8
  7146 | D:6      | Found a glowing golden altar of the Shining One.
  7390 | D:6      | Identified a scroll of acquirement
  7611 | D:7      | Reached XP level 9. HP: 85/85 MP: 9/9
  7677 | D:7      | Reached skill level 10 in Fighting
  7870 | D:7      | Found a basalt altar of Yredelemnul.
  8030 | D:7      | Noticed a cyan ugly thing
  8040 | D:7      | Killed a cyan ugly thing
  8041 | D:7      | Reached skill level 12 in Axes
  8379 | D:7      | Found Tristan's Dragon-Slaying Spoils.
  8386 | D:7      | Acquired 1272 gold pieces
  8388 | D:7      | Bought +1 gold dragon scales for 1044 gold pieces
  8530 | D:8      | Reached skill level 13 in Axes
  8541 | D:8      | Reached XP level 10. HP: 82/95 MP: 10/10
  8546 | D:8      | Reached skill level 14 in Axes
  8622 | D:8      | Reached skill level 15 in Axes
  8685 | D:8      | Noticed a manticore
  8886 | D:8      | Found an opulent altar of Gozag.
  8889 | D:8      | Found Gozag's Platinum Reserve.
  8896 | D:8      | Became a worshipper of Gozag Ym Sagoz the Greedy
  8945 | D:8      | Reached skill level 16 in Axes
  8948 | D:8      | Found a white marble altar of Elyvilon.
  9062 | D:8      | Killed a manticore
  9277 | D:8      | Reached skill level 17 in Axes
  9646 | D:8      | Noticed a gargoyle
  9648 | D:8      | Killed a gargoyle
  9652 | D:8      | Identified the staff of fire "Guneoxt" {rPois rF+ Str+7}
  9660 | D:8      | Identified the +0 pair of gloves of Leapfrog {Dex+2}
  9696 | D:8      | Reached XP level 11. HP: 100/102 MP: 11/11
  9707 | D:8      | Reached skill level 18 in Axes
 10081 | D:8      | Found a staircase to the Lair.
 10239 | D:9      | Noticed a two-headed ogre
 10243 | D:9      | Reached skill level 1 in Throwing
 10506 | D:9      | Reached skill level 1 in Dodging
 10694 | D:9      | Found a hazy altar of Hepliaklqana.
 10771 | D:9      | Killed a two-headed ogre
 11367 | D:9      | Found an ornate altar of the Wu Jian Council.
 11786 | D:10     | Entered Level 10 of the Dungeon
 11786 | D:10     | You fall into a shaft and drop 1 floor!
 11798 | D:11     | Noticed a brown ugly thing
 11810 | D:11     | Reached skill level 5 in Armour
 11820 | D:11     | Killed a brown ugly thing
 11913 | D:11     | Found a frozen archway.
 11942 | IceCv    | Entered an ice cave
 12231 | IceCv    | HP: 1/102 [naga simulacrum (7)]
 12231 | IceCv    | Constricted to death by a naga simulacrum

Illustrated notes

Levels and vault maps discovered:
D:1:      heliophobic_arrival_ceremonial_halls, layout_basic
D:2:      layout_basic
D:3:      layout_basic, mainiacjoe_overflow_cross_hatched
D:4:      layout_layer_cave, grunt_temple_overflow_order_and_chaos_2,
          nicolae_kikubaaqudgha_miasma_corner, minmay_ruptured
D:5:      layout_cave_pods, grunt_qazlal_sundering,
          minmay_temple_entry_junction_2, minmay_hedge_maze
D:6:      layout_basic, nicolae_tso_besieged_by_evil
D:7:      minmay_chambers_of_sixes, layout_cave_pools,
          lemuel_zombie_altar_yredelemnul, kennysheep_crisscross,
          nicolae_shop_dragon_depot, serial_bayou_pond_e
D:8:      layout_rooms, nicolae_gozag_zags_fifth_avenue, elyvilon_altar_3,
          minmay_lair_entry_grove, enter_bailey_7, minmay_tree_intersection,
          minmay_radiant
D:9:      layout_basic, nicolae_hepliaklqana_hazy_memory,
          mainiacjoe_overflow_six_doors_small
D:10:     layout_long_grid, uniq_nergalle
D:11:     layout_cave_pools, portal_ice_cave_entry_imps
Temple:   minmay_temple_curvy_loop
IceCv:    ice_cave_small_demon

Skill      XL: |  1  2  3  4  5  6  7  8  9 10 11 |
---------------+----------------------------------+-----
Axes           | 3 4 6 8 9 11 13 17 18 | 18.6
Fighting       | 5 9 11 | 11.5
Throwing       | 2 |  2.3
Armour         | 5 |  5.6
Dodging        | 2 |  2.0
Shields        | 4 |  4.6

Action                     |  1- 3 |  4- 6 |  7- 9 | 10-12 || total
---------------------------+-------+-------+-------+-------++-------
  Melee: War axe           |   103 |   164 |   182 |   329 ||   778
  Throw: Stone             |       |       |    55 |     1 ||    56
 Invoke: Potion Petition   |       |       |       |     1 ||     1
    Use: Scroll            |       |       |    12 |     2 ||    14
         Potion            |       |       |     1 |       ||     1
 Armour: Scale mail        |    64 |    75 |    23 |       ||   162
         Chain mail        |       |       |    67 |       ||    67
         Gold dragon scale |       |       |     8 |   165 ||   173
  Dodge: Dodged            |    63 |    60 |    53 |    63 ||   239
  Block: Buckler           |    26 |    30 |    39 |    61 ||   156
